 Dungeon Crawl Stone Soup version 0.30-a0-393-g54b8e3be05 (webtiles) character file.

Game seed: 4026649874212085152

200687 Pooter the Severer (level 17, -3/160 HPs)
             Began as a Minotaur Berserker on Dec 2, 2022.
             Was a High Priest of Trog.
             Engulfed by a cloud of flame (10 damage)
             ... on level 3 of the Shoals on Dec 5, 2022.
             The game lasted 03:23:35 (48071 turns).

Pooter the Severer (Minotaur Berserker)            Turns: 48071, Time: 03:23:35

Health: -3/160     AC: 27    Str: 26    XL:     17   Next: 88%
Magic:  16/16      EV: 10    Int:  6    God:    Trog [*****.]
Gold:   2808       SH:  0    Dex: 12    Spells: 16/16 levels left

rFire   + . .      SeeInvis +    b - +2 hand crossbow (freeze)
rCold   + + .      Faith    .    (no shield)
rNeg    + . .      Spirit   .    v - +5 plate armour {rPois} {rPois}
rPois   +          Reflect  .    s - -2 hat of the Alchemist {rElec rPois rF+ rC+ rN+ Will+ rMut rCorr}
rElec   +          Harm     .    j - +2 cloak
rCorr   +          Rampage  .    c - +2 pair of gloves
rMut    +                        h - +0 pair of boots
Will    +++..                    z - amulet "Ceetzyqo" {rC+ Regen+}
Stlth   ..........               O - ring "Neamaz" {Will+ Slay+3}
HPRegen 1.26/turn                S - ring of see invisible {sInv}
MPRegen 0.15/turn

@: very slow
A: horns 2, retaliatory headbutt
}: 1/15 runes: gossamer
a: Renounce Religion, Berserk, Trog's Hand, Brothers in Arms


You were on level 3 of the Shoals.
You worshipped Trog.
Trog was extremely pleased with you.
You visited 5 branches of the dungeon, and saw 29 of its levels.
You also visited: Ice Cave.

You collected 4050 gold pieces.
You spent 1242 gold pieces at shops.

Inventory:

Hand Weapons
 a - a +4 battleaxe of freezing
 b - a +2 hand crossbow of freezing (weapon)
 u - a +2 dire flail of holy wrath
 A - the +9 morningstar of Uplifting Evisceration {drain, *Slow rElec Dex+4 Stlth+}
   (You found it on level 1 of the Lair of Beasts)

   A truly terrible weapon, it drains the life of any living foe it strikes.
   Dex:       It affects your dexterity (+4).
   rElec:     It insulates you from electricity.
   *Slow:     It may slow you when you take damage.
   Stlth:     It makes you more stealthy.
 U - a +4 demon trident
 V - a +1 demon blade of draining
Missiles
 i - 3 silver boomerangs
 y - 19 boomerangs
 H - 9 curare-tipped darts {!f}
 Q - 238 stones
 R - 6 javelins
Armour
 c - a +2 pair of gloves (worn)
 h - a +0 pair of boots (worn)
 j - a +2 cloak (worn)
 s - the -2 hat of the Alchemist (worn) {rElec rPois rF+ rC+ rN+ Will+ rMut rCorr}
   (You bought it in a shop on level 2 of the Orcish Mines)

   rF:        It protects you from fire.
   rC:        It protects you from cold.
   rElec:     It insulates you from electricity.
   rPois:     It protects you from poison.
   rN:        It protects you from negative energy.
   rCorr:     It protects you from acid and corrosion.
   rMut:      It protects you from mutation.
   Will:      It increases your willpower.
 v - a +5 plate armour of poison resistance (worn) {rPois}
Jewellery
 z - the amulet "Ceetzyqo" (around neck) {rC+ Regen+}
   (You found it on level 2 of the Shoals)

   [amulet of regeneration]

   rC:        It protects you from cold.
   Regen:     It increases your rate of health regeneration.
 I - a ring of protection from cold {rC+}
 N - a ring of positive energy {rN+}
 O - the ring "Neamaz" (left hand) {Will+ Slay+3}
   (You acquired it on level 1 of the Lair of Beasts)

   [ring of willpower]

   Slay:      It affects your accuracy & damage with ranged weapons and melee
   (+3).
   Will:      It increases your willpower.
 P - a ring of poison resistance {rPois}
 S - a ring of see invisible (right hand) {sInv}
Wands
 d - a wand of mindburst (3)
 f - a wand of flame (4)
 C - a wand of charming (23)
 D - a wand of digging (5)
 T - a wand of polymorph (6)
 Z - a wand of roots (4)
Scrolls
 g - 4 scrolls of blinking {!r}
 m - a scroll of fear {!r}
 o - 7 scrolls of butterflies
 r - 3 scrolls of immolation {!r}
 t - 10 scrolls of teleportation {@r4}
 x - 7 scrolls of magic mapping {!r}
 G - 2 scrolls of poison {!r}
 L - 5 scrolls of noise {!r}
 W - 2 scrolls of enchant armour
 X - a scroll of summoning {!r}
Potions
 e - 3 potions of cancellation {!q}
 k - 12 potions of ambrosia {!q}
 l - 3 potions of mutation {!q}
 n - 6 potions of lignification {!q}
 p - 5 potions of attraction {!q}
 q - 10 potions of curing {@q1}
 w - 5 potions of heal wounds {@q2}
 B - a potion of lignification {!q!q}
 E - 2 potions of flight
 F - 5 potions of might {!q}
 J - a potion of resistance {!q}
 K - a potion of invisibility {!q}
 Y - 3 potions of haste {@q3}
Miscellaneous
 M - a condenser vane (inert)


   Skills:
 + Level 16.7 Fighting
 - Level 19.7(20.1) Axes
 - Level 6.9(14.5) Maces & Flails
 - Level 18.0 Ranged Weapons
 + Level 6.6 Throwing
 + Level 11.9 Armour
 + Level 7.7 Dodging
 + Level 5.8 Stealth
 + Level 10.8 Evocations


You had 16 spell levels left.
You didn't know any spells.
Your spell library was empty.

Dungeon Overview and Level Annotations

Branches:
Dungeon (15/15)            Temple (0/1) D:5            Lair (5/5) D:10
 Shoals (2/4) Lair:2       Spider (4/4) Lair:2        Slime (0/5) Lair:4
    Orc (2/2) D:10            Elf (0/3) Orc:2        Vaults (0/5) D:13
 Depths (0/4) D:15          IceCv (visited)

Altars:
Ashenzari
Cheibriados
Elyvilon
Gozag
Hepliaklqana
Ru
Wu Jian
The Shining One
Jiyva

Shops:
D:9 *   D:10 :(   D:12 (   Orc:2 :?[*(

Portals:
Abyss: D:8

Annotations:
D:8 1 runed translucent door


Innate Abilities, Weirdness & Mutations

You have a pair of horns on your head.
You reflexively headbutt those who attack you in melee.


Message History

Trog appreciates your killing of a magic user.
You hear a splash. x2
The faun explodes!
The faun is engulfed in poison gas.
The faun looks as sick as possible!
Flame seeps out of the faun.
You hear a screech!
You hear an angry hiss.
Unknown command.
Throw: 19 boomerangs
Press: ? - help, Q - select action, (/) - cycle Shift-Dir - straight line, f/p - satyr
Aim: a satyr, wielding a +0 longbow (poison gas, severely wounded, inner flame, extremely poisoned, 66% to hit)
You throw a boomerang. The boomerang hits the satyr!
Flame seeps out of the satyr.
The satyr is almost dead.
Flame seeps out of the satyr.
Flame seeps out of the faun.
Flame seeps out of the manticore.
Flame seeps out of the merfolk.
The satyr is engulfed in poison gas.
The satyr looks as sick as possible!
Trog accepts your kill.
Trog appreciates your killing of a magic user.
The satyr explodes!
The fiery explosion engulfs the merfolk!!!
Trog accepts your kill.
The fiery explosion engulfs the faun!!
Trog accepts your kill.
Trog appreciates your killing of a magic user.
You hear a splash. x2
The faun explodes!
The fiery explosion engulfs the water nymph!
Flame seeps out of the water nymph.
The water nymph is moderately wounded.
The merfolk explodes!
The fiery explosion engulfs the manticore!!
Flame seeps out of the manticore.
The manticore is heavily wounded.
The manticore looks even sicker.
The water nymph is engulfed in blazing flames.
Flame seeps out of the water nymph.
You hear a screech!
Throw: 19 boomerangs
Press: ? - help, Q - select action, (/) - cycle Shift-Dir - straight line, f - manticore
Aim: a manticore (poison gas, heavily wounded, inner flame, very poisoned, 79% to hit)
You throw a boomerang. The boomerang hits the manticore.
Flame seeps out of the manticore.
The manticore is severely wounded.
The water nymph is engulfed in poison gas.
The water nymph is poisoned.
Flame seeps out of the water nymph.
The water nymph flows with the water.
Splash!
You fall into the shallow water.
Moving in this stuff is going to be slow.
The manticore is engulfed in poison gas.
The manticore looks as sick as possible!
Flame seeps out of the manticore.
The manticore bites you but does no damage.
The manticore closely misses you.
The manticore claws you but does no damage.
Your +4 battleaxe of freezing stops glowing.
Your +2 hand crossbow of freezing is covered in frost.
b - a +2 hand crossbow of freezing (weapon)
You are too injured to fight recklessly!
Your +2 hand crossbow of freezing stops glowing.
Your +4 battleaxe of freezing glows with a cold blue light!
a - a +4 battleaxe of freezing (weapon)
Flame seeps out of the manticore.
Flame seeps out of the water nymph.
The water nymph is engulfed in poison gas.
The water nymph looks even sicker.
Flame seeps out of the water nymph.
The water nymph touches you. The water nymph drowns you!
* * * LOW HITPOINT WARNING * * *
The manticore is engulfed in poison gas.
The manticore looks as sick as possible!
Flame seeps out of the manticore.
The manticore bites you but does no damage.
The manticore claws you but does no damage. x2
You hit the manticore.
Flame seeps out of the manticore.
You freeze the manticore. Trog accepts your kill.
You closely miss the water nymph.
The manticore explodes!
The fiery explosion engulfs you! You resist.
* * * LOW HITPOINT WARNING * * *
You are engulfed in blazing flames.
You resist.
You hear an angry hiss.
You hear a shout!
The faun unwields a +1 vorpal quarterstaff.
The faun wields a +0 sling.
The faun shoots a sling bullet.
The sling bullet completely misses you.
Unknown command.
Unknown command.
Your +4 battleaxe of freezing stops glowing.
Your +2 hand crossbow of freezing is covered in frost.
b - a +2 hand crossbow of freezing (weapon)
You are engulfed in blazing flames.
You resist.
The water nymph is engulfed in poison gas.
The water nymph looks even sicker.
Flame seeps out of the water nymph.
The water nymph touches you. The water nymph drowns you!
* * * LOW HITPOINT WARNING * * *
Fire: b) +2 hand crossbow (freeze)
Press: ? - help, Q - select action, (/) - cycle Shift-Dir - straight line, f - water nymph
Aim: a water nymph (poison gas, severely wounded, inner flame, very poisoned, 70% to hit)
You shoot a bolt. The bolt barely misses the water nymph.
You are engulfed in blazing flames.
You resist.
You die...

~~~~~≈≈≈≈≈
~§§§≈≈≈≈≈
c§§§§§≈≈≈
§§§§§§≈≈≈
#§§§§§≈≈≈
##§§§~≈≈≈≈
##§§§§~≈≈≈≈
#§°@§§~≈≈≈≈
##§m§~~~≈≈≈
#§§§§~~≈≈≈
..§§☼~~≈≈≈
#.~§§§≈≈≈≈≈
:.~~~≈≈≈≈≈≈
#.~~~≈≈≈≈≈≈≈
.~~~~≈≈≈≈≈≈≈


You could see a faun (inner flame, strong) and a water nymph (inner flame, very
poisoned).

Vanquished Creatures
  Arachne (Spider:2)
  Frances (Spider:1)
  Kirke (Shoals:1)
  A fenstrider witch (Shoals:1)
  3 emperor scorpions
  A frost giant (IceCv)
  7 ghost moths
  5 broodmothers (Spider:4)
  An orc warlord (Orc:1)
  5 dire elephants (Lair:5)
  A spark wasp (Spider:2)
  3 merfolk impalers
  8 entropy weavers
  A fire dragon (D:15)
  The ghost of Puis the Skirmisher, a journeyman DgIE (Lair:2)
  Fannar (D:10)
  5 hydras
  A catoblepas (Lair:5)
  An ice dragon (D:15)
  A vault guard (D:13)
  4 ogre magi (Orc:2)
  A jorogumo (Spider:1)
  5 centaur warriors
  2 radroaches
  2 merfolk aquamancers
  5 boulder beetles
  20 two-headed ogres
  11 death yaks
  A death scarab (Spider:1)
  The ghost of McGhostyFace the Basher, a novice GnWn of Ashenzari (D:8)
  A satyr (Shoals:3)
  An orc high priest (Orc:1)
  Urug (Orc:2)
  5 sea snakes (Shoals:1)
  5 pharaoh ants
  Amaemon (Lair:3)
  A sun moth (Spider:3)
  A spectral anaconda (Lair:5)
  6 orb spiders
  5 skeletal warriors (D:15)
  8 steelbarb worms
  An obsidian statue (Lair:5)
  4 necromancers (Lair:5)
  12 harpies
  Pikel (D:8)
  3 orc knights
  9 ugly things
  20 wolf spiders
  4 cyclopes
  3 deep elf pyromancers
  An orc sorcerer (Orc:2)
  5 moths of wrath
  11 fauns
  An ice statue (IceCv)
  7 manticores
  16 elephants
  Maurice (D:11)
  5 water nymphs
  5 torpor snails
  4 black mambas
  A merfolk siren (Shoals:1)
  2 gargoyles
  Maggie (D:9)
  10 cane toads
  An orange demon (Lair:3)
  Psyche (D:11)
  3 demonic crawlers
  6 komodo dragons
  10 rime drakes
  3 efreet
  2 tengu conjurers (D:15)
  4 meliai
  9 merfolk
  A wind drake (Shoals:1)
  5 trolls
  6 polar bears
  A hornet (D:10)
  28 tarantellas
  12 slime creatures
  9 blink frogs (Lair:5)
  3 dream sheep (Shoals:2)
  A snapping turtle (Shoals:1)
  20 culicivoras
  A jumping spider (shapeshifter) (D:15)
  A shadow (D:11)
  20 jumping spiders
  A vampire (D:12)
  3 wraiths
  8 water elementals
  A dire elephant simulacrum (Lair:5)
  3 wyverns
  3 hogs (Shoals:1)
  62 yaks
  A steam dragon (D:9)
  7 vampire mosquitoes
  Eustachio (D:4)
  7 basilisks
  46 redbacks
  6 wargs
  2 death yak simulacra (Lair:5)
  Menkaure (D:4)
  2 small abominations (D:8)
  An acid dragon (D:11)
  15 water moccasins
  2 spectral cane toads (Lair:5)
  A sky beast (D:7)
  2 black bears
  2 elephant zombies (Lair:5)
  18 orc warriors
  17 wolves
  An ice beast (D:7)
  28 ogres
  23 centaurs
  3 phantoms
  6 kobold brigands
  24 bullfrogs
  2 gnoll sergeants
  2 necrophages (D:7)
  9 scorpions
  20 wights
  14 killer bees
  2 elephant simulacra (Lair:5)
  7 electric eels
  A crimson imp (D:8)
  2 hounds
  13 orc priests
  6 jellies
  25 orc wizards
  Ijyb (D:3)
  An iguana (D:6)
  4 hell rats (Lair:3)
  8 gnolls
  7 adders
  2 shadow imps
  3 white imps
  14 dart slugs
  61 orcs
  3 ball pythons
  8 endoplasms
  4 giant cockroaches
  6 goblins
  3 hobgoblins
  5 quokkas
  11 bats
  8 frilled lizards
  24 kobolds
  6 rats
  3 butterflies (D:8)
992 creatures vanquished.

Vanquished Creatures (others)
  A rime drake (IceCv)
  An orc (D:10)
  74 fungi
  114 plants
  33 withered plants (Lair:5)
223 creatures vanquished.

Grand Total: 1215 creatures vanquished

Notes
Turn   | Place    | Note
-------+----------+-------------------------------------------
     0 | D:1      | Pooter the Minotaur Berserker began the quest for the Orb.
     0 | D:1      | Reached XP level 1. HP: 19/19 MP: 0/0
   176 | D:1      | Reached skill level 4 in Axes
   211 | D:1      | Reached XP level 2. HP: 27/27 MP: 1/1
   508 | D:1      | Reached ** piety under Trog
   799 | D:2      | Reached XP level 3. HP: 32/33 MP: 2/2
  1010 | D:2      | Reached skill level 5 in Axes
  1465 | D:3      | Found a faded altar of an unknown god.
  1519 | D:3      | Reached XP level 4. HP: 23/41 MP: 3/3
  1526 | D:3      | Reached skill level 6 in Axes
  1698 | D:3      | Noticed Ijyb
  1708 | D:3      | Killed Ijyb
  1709 | D:3      | Reached skill level 5 in Fighting
  1709 | D:3      | Reached XP level 5. HP: 35/48 MP: 4/4
  1799 | D:3      | Found an opulent altar of Gozag.
  2357 | D:4      | Noticed Eustachio
  2367 | D:4      | Killed Eustachio
  2368 | D:4      | Reached XP level 6. HP: 43/56 MP: 5/5
  2517 | D:4      | Noticed Menkaure
  2526 | D:4      | Killed Menkaure
  2527 | D:4      | Reached skill level 7 in Axes
  2743 | D:4      | Reached XP level 7. HP: 57/62 MP: 6/6
  2842 | D:4      | Reached *** piety under Trog
  3210 | D:4      | Identified the +1 robe "Rec Paed" {*Corrode rC+ Int+8
                  | Dex+4}
  3406 | D:5      | Entered Level 5 of the Dungeon
  3491 | D:5      | Reached skill level 8 in Axes
  3656 | D:5      | Found a glowing golden altar of the Shining One.
  3753 | D:5      | Found an ornate altar of the Wu Jian Council.
  3937 | D:5      | Found a staircase to the Ecumenical Temple.
  4330 | D:6      | Noticed a yak
  4332 | D:6      | Noticed a yak
  4332 | D:6      | Noticed a yak
  4333 | D:6      | Noticed a yak
  4354 | D:4      | Killed a yak
  4355 | D:4      | Reached skill level 5 in Ranged Weapons
  4355 | D:4      | Reached XP level 8. HP: 22/71 MP: 7/7
  4754 | D:6      | Reached skill level 9 in Axes
  5082 | D:6      | Reached skill level 10 in Axes
  5240 | D:6      | Reached XP level 9. HP: 79/79 MP: 8/8
  6025 | D:7      | Found a snail-covered altar of Cheibriados.
  6466 | D:7      | Reached **** piety under Trog
  6505 | D:7      | Reached skill level 11 in Axes
  7201 | D:8      | Noticed Pikel
  7211 | D:8      | Killed Pikel
  7261 | D:8      | Reached XP level 10. HP: 90/90 MP: 9/9
  7403 | D:8      | Reached skill level 12 in Axes
  8326 | D:8      | Found a runed translucent door.
  8328 | D:8      | Found a runed translucent door.
  8386 | D:8      | Noticed McGhostyFace's ghost (novice GnWn)
  8414 | D:8      | Found a transporter.
  8415 | D:8      | Found a transporter.
  8639 | D:8      | Found a one-way gate to the infinite horrors of the Abyss.
  8732 | D:8      | Reached skill level 10 in Ranged Weapons
  8753 | D:8      | Killed McGhostyFace's ghost
  9066 | D:8      | Reached skill level 13 in Axes
  9182 | D:9      | Noticed Maggie
  9193 | D:9      | Killed Maggie
  9438 | D:9      | Found a hazy altar of Hepliaklqana.
  9453 | D:9      | Reached skill level 10 in Fighting
  9612 | D:9      | Found Boyrewae's General Store.
  9615 | D:9      | Bought a +0 war axe for 49 gold pieces
  9710 | D:9      | Reached XP level 11. HP: 91/99 MP: 10/10
 10023 | D:9      | Reached skill level 1 in Evocations
 10493 | D:10     | Entered Level 10 of the Dungeon
 10507 | D:10     | Noticed a two-headed ogre
 10515 | D:10     | Killed a two-headed ogre
 10516 | D:10     | Reached skill level 14 in Axes
 11083 | D:10     | Found a sacrificial altar of Ru.
 11187 | D:10     | Found a staircase to the Lair.
 11231 | D:10     | Found Uruqoor's Antique Weapon Shop.
 11249 | D:10     | Bought a battleaxe for 188 gold pieces
 11360 | D:10     | Found Liam Nats's Book Shop.
 11420 | D:10     | Found a staircase to the Orcish Mines.
 11427 | Orc:1    | Entered Level 1 of the Orcish Mines
 11427 | Orc:1    | Noticed Fannar
 11427 | Orc:1    | Noticed a two-headed ogre
 11435 | D:10     | Killed a two-headed ogre
 11530 | D:10     | Killed Fannar
 11758 | Orc:1    | Noticed an orc high priest
 11805 | Orc:1    | Killed an orc high priest
 12083 | Orc:2    | Entered Level 2 of the Orcish Mines
 12094 | Orc:2    | Noticed Urug
 12109 | Orc:2    | Killed Urug
 12110 | Orc:2    | Reached skill level 15 in Axes
 12110 | Orc:2    | Found a staircase to the Elven Halls.
 12332 | Orc:2    | Noticed a two-headed ogre
 12336 | Orc:2    | Killed a two-headed ogre
 12337 | Orc:2    | Reached XP level 12. HP: 110/110 MP: 11/11
 12344 | Orc:1    | Noticed a two-headed ogre
 12351 | Orc:2    | Killed a two-headed ogre
 14259 | Orc:2    | Noticed an orc warlord
 14430 | Orc:1    | Killed an orc warlord
 14617 | Orc:2    | Found Janeb's Weapon Shoppe.
 14820 | Orc:2    | Noticed a two-headed ogre
 14825 | Orc:2    | Killed a two-headed ogre
 15403 | Orc:2    | Noticed a two-headed ogre
 15403 | Orc:2    | Noticed a two-headed ogre
 15403 | Orc:2    | Noticed a two-headed ogre
 15403 | Orc:2    | Noticed a two-headed ogre
 15403 | Orc:2    | Noticed a two-headed ogre
 15403 | Orc:2    | Noticed a two-headed ogre
 15403 | Orc:2    | Noticed a two-headed ogre
 15405 | Orc:2    | Noticed an ogre mage
 15406 | Orc:2    | Noticed an ogre mage
 15406 | Orc:2    | Noticed a two-headed ogre
 15411 | Orc:2    | Killed a two-headed ogre
 15411 | Orc:2    | Noticed a two-headed ogre
 15411 | Orc:2    | Killed a two-headed ogre
 15562 | Orc:2    | Reached skill level 16 in Axes
 15572 | Orc:2    | Killed a two-headed ogre
 15605 | Orc:2    | Noticed a two-headed ogre
 15611 | Orc:2    | Killed a two-headed ogre
 15920 | Orc:2    | Noticed an ogre mage
 15930 | Orc:2    | Killed an ogre mage
 15942 | Orc:2    | Killed a two-headed ogre
 15943 | Orc:2    | Reached skill level 5 in Evocations
 16017 | Orc:2    | Killed a two-headed ogre
 16031 | Orc:2    | Noticed a two-headed ogre
 16040 | Orc:1    | Killed a two-headed ogre
 16348 | Orc:2    | Killed a two-headed ogre
 16447 | Orc:2    | Noticed a two-headed ogre
 16453 | Orc:2    | Killed a two-headed ogre
 16612 | Orc:2    | Noticed a two-headed ogre
 16619 | Orc:2    | Killed a two-headed ogre
 16620 | Orc:2    | Reached XP level 13. HP: 75/118 MP: 12/12
 19278 | Orc:2    | Reached skill level 17 in Axes
 20114 | Orc:2    | Found Bimimer's Magic Scroll Emporium.
 20114 | Orc:2    | Found Diotiw's Book Boutique.
 20115 | Orc:2    | Found Didoad's Assorted Antiques.
 20115 | Orc:2    | Found Ivacruro's Armour Emporium.
 20122 | Orc:2    | Bought a scroll of identify for 30 gold pieces
 20125 | Orc:2    | Bought the -2 hat of the Alchemist {rElec rPois rF+ rC+ rN+
                  | Will+ rMut rCorr} for 613 gold pieces
 20125 | Orc:2    | Found the -2 hat of the Alchemist {rElec rPois rF+ rC+ rN+
                  | Will+ rMut rCorr}
 20131 | Orc:2    | Bought a scroll of identify for 62 gold pieces
 20131 | Orc:2    | Bought a scroll labelled FYS IJ NUEXASU for 31 gold pieces
 20529 | Lair:1   | Entered Level 1 of the Lair of Beasts
 20866 | Lair:1   | Identified a scroll of acquirement
 20866 | Lair:1   | Acquired the ring "Neamaz" {Will+ Slay+3}
 20931 | Lair:1   | Identified the +9 morningstar of Uplifting Evisceration
                  | {drain, *Slow rElec Dex+4 Stlth+}
 21717 | Lair:2   | Found a staircase to the Shoals.
 21746 | Lair:2   | Found a frozen archway.
 21761 | IceCv    | Entered an ice cave
 21896 | IceCv    | Reached skill level 15 in Ranged Weapons
 22439 | IceCv    | Noticed a frost giant
 22454 | IceCv    | Killed a frost giant
 22810 | Lair:2   | Found a large runed translucent door.
 22811 | Lair:2   | Found a large runed translucent door.
 22833 | Lair:2   | Noticed Puis's ghost (journeyman DgIE)
 22848 | Lair:2   | Killed Puis's ghost
 23083 | Lair:2   | Reached XP level 14. HP: 129/129 MP: 13/13
 23143 | Lair:2   | Reached skill level 18 in Axes
 23203 | Lair:2   | Acquired 880 gold pieces
 23716 | Lair:2   | Reached skill level 5 in Armour
 23812 | Lair:2   | Found a hole to the Spider Nest.
 23918 | Lair:3   | Noticed Amaemon
 23944 | Lair:3   | Killed Amaemon
 24689 | Orc:2    | Bought a scroll of teleportation for 45 gold pieces
 24689 | Orc:2    | Bought a scroll of enchant armour for 112 gold pieces
 24689 | Orc:2    | Bought a scroll of enchant weapon for 112 gold pieces
 25438 | Lair:3   | Reached skill level 1 in Maces & Flails
 26009 | Lair:4   | Upgraded the game from 0.30-a0-385-gfebfb9b408 to
                  | 0.30-a0-389-g8d7d949f56
 26055 | Lair:4   | Upgraded the game from 0.30-a0-389-g8d7d949f56 to
                  | 0.30-a0-390-g80c34de65d
 26813 | Lair:4   | Found a viscous altar of Jiyva.
 26815 | Lair:4   | Found a staircase to the Slime Pits.
 27141 | Lair:5   | Entered Level 5 of the Lair of Beasts
 28380 | Lair:5   | Reached skill level 19 in Axes
 29035 | Lair:5   | Reached XP level 15. HP: 137/137 MP: 14/14
 32265 | D:11     | Noticed Maurice
 32275 | D:11     | Killed Maurice
 32446 | D:11     | Found Vump's Magic Scroll Boutique.
 32459 | D:11     | Noticed Psyche
 32469 | D:11     | Killed Psyche
 33592 | D:12     | Found Umacit's Antique Weapon Shop.
 34153 | D:13     | Reached skill level 5 in Maces & Flails
 34695 | D:13     | Found a gate to the Vaults.
 35017 | D:14     | You fall into a shaft and drop 1 floor!
 35017 | D:15     | Entered Level 15 of the Dungeon
 35203 | D:14     | Acquired a +2 hand crossbow of freezing
 36058 | D:15     | Found a white marble altar of Elyvilon.
 36342 | D:15     | Found a staircase to the Depths.
 36449 | D:15     | Found a broken altar of Ashenzari.
 37137 | D:15     | Reached XP level 16. HP: 147/147 MP: 15/15
 37807 | Spider:1 | Entered Level 1 of the Spider Nest
 39608 | Spider:1 | Reached skill level 15 in Fighting
 39856 | Spider:1 | Noticed Frances
 39867 | Spider:1 | Killed Frances
 39868 | Spider:1 | Reached skill level 1 in Throwing
 39868 | Spider:1 | Reached skill level 1 in Stealth
 40797 | Spider:2 | Noticed Arachne
 41581 | Spider:3 | Reached skill level 10 in Armour
 42183 | Spider:3 | Reached skill level 5 in Dodging
 43279 | Spider:4 | Entered Level 4 of the Spider Nest
 43299 | Spider:4 | Reached ***** piety under Trog
 43685 | Spider:4 | Reached XP level 17. HP: 158/158 MP: 1/16
 43700 | Spider:4 | Reached skill level 10 in Evocations
 44162 | Spider:4 | Reached skill level 5 in Throwing
 44173 | Spider:4 | HP: 11/237 [meliai simulacrum (7)]
 44433 | Spider:4 | Got a gossamer rune of Zot
 45435 | Spider:2 | Killed Arachne
 45607 | Shoals:1 | Entered Level 1 of the Shoals
 46185 | Shoals:1 | Reached skill level 5 in Stealth
 46946 | Shoals:1 | Noticed Kirke
 46974 | Shoals:1 | Killed Kirke
 47375 | Shoals:2 | Identified the amulet "Ceetzyqo" {rC+ Regen+}
 47382 | Shoals:2 | Upgraded the game from 0.30-a0-390-g80c34de65d to
                  | 0.30-a0-393-g54b8e3be05
 47536 | Shoals:2 | Received a gift from Trog
 48055 | Shoals:2 | You fall into a shaft and drop 1 floor!
 48070 | Shoals:3 | HP: 7/160 [drowned by a water nymph (10)]
 48071 | Shoals:3 | Engulfed by a cloud of flame

Illustrated notes

Levels and vault maps discovered:
D:1:      dpeg_arrival_leaves_temple_mockup, layout_basic, minmay_tromino_v4_a
D:2:      layout_basic, minmay_hedge_maze
D:3:      layout_loops_cross, lemuel_crystal_altar,
          hellmonk_ecumenical_altar_pennies_from_heaven, dk_noncrumbling_2,
          uniq_ijyb
D:4:      minmay_chambers_of_threes, layout_loops_ring, supply_closet_lemuel,
          serial_bayou_lagoon_b, uniq_menkaure, uniq_eustachio
D:5:      kennysheep_slugbush, layout_cave_pools, mainiacjoe_overflow_paths,
          mainiacjoe_overflow_catwalk, minmay_temple_entry_waves,
          hangedman_decor_peaks_small, nicolae_zen_rock_garden
D:6:      layout_basic
D:7:      layout_loops_corners, nicolae_overflow_crystal_walls
D:8:      lemuel_insect_pit, layout_basic, gammafunk_ghost_abyssal_escape,
          uniq_pikel
D:9:      layout_cave_pods, mainiacjoe_overflow_six_doors_small,
          serial_column_ruins, column_ruins_corridor_corner,
          column_ruins_grid_1, column_ruins_open_tiny, column_ruins_open_medium,
          column_ruins_open_large, serial_shops, kennysheep_mini_moat,
          uniq_maggie
D:10:     layout_loops_cross, nicolae_ru_sacrificial_ziggurat,
          due_lair_maze_entry_diamond, orc_0_dummy, serial_shops, shop, shop
D:11:     layout_loops_corners, serial_shops, nicolae_shop_trees, uniq_maurice,
          uniq_psyche
D:12:     layout_rooms, serial_shops, nicolae_square_shop
D:13:     layout_big_octagon, david_vaults_5
D:14:     layout_roguey, nicolae_figureground_sparkle
D:15:     grunt_enter_depths_hoard, layout_layer_cave, elyvilon_altar_1,
          nicolae_ashenzari_skybound
Lair:1:   layout_regular_city, infiniplex_staircase_pool
Lair:2:   layout_chaotic_city, elwin_shoals_entry_rooms,
          hellmonk_spider_entry_life_and_decay, ebering_ghost_disaster_area,
          portal_ice_cave_rime
Lair:3:   layout_chaotic_city, serial_bayou_shore_b, serial_bayou_shore_a,
          uniq_amaemon
Lair:4:   layout_long_grid, nicolae_slime_entry_slimehenge, serial_bayou_shore_b
Lair:5:   due_jungle_book, layout_concentric_octagons
Shoals:1: layout_shoals, nicolae_shoals_beach_house_on_fowls_legs, uniq_kirke
Shoals:2: layout_shoals, nicolae_shoals_goliath_grotto
Shoals:3: layout_shoals, uniq_louise
Spider:1: layout_spider_delve, uniq_frances
Spider:2: layout_spider_delve, nicolae_spider_webs_and_nodes, uniq_arachne
Spider:3: layout_cave_pods
Spider:4: hellmonk_spider_rune_endless_swarm
Orc:1:    layout_caves, uniq_fannar
Orc:2:    st_orc_ogre_mass, layout_diamond_mine, serial_shops,
          nicolae_shop_temple_entry_statues_fountains, uniq_urug

Skill      XL: |  1  2  3  4  5  6  7  8  9 10 11 12 13 14 15 16 17 |
---------------+----------------------------------------------------+-----
Axes           | 4 5 6 7 8 10 11 13 15 16 17 19 | 19.7
Fighting       | 4 5 6 7 8 10 11 12 13 14 15 16 | 16.7
Ranged Weapons | 2 3 5 7 9 11 12 14 15 16 18 | 18.0
Evocations     | 3 5 6 7 8 9 10 | 10.8
Armour         | 4 6 8 10 11 | 11.9
Maces & Flails | 3 6 |  6.9
Throwing       | 4 6 |  6.6
Stealth        | 3 5 |  5.8
Dodging        | 5 7 |  7.7

Action                   |  1- 3 |  4- 6 |  7- 9 | 10-12 | 13-15 | 16-18 || total
-------------------------+-------+-------+-------+-------+-------+-------++-------
Melee: Hand axe          |    73 |    14 |   176 |    13 |       |       ||   276
       Headbutt          |    17 |    11 |    28 |    63 |   185 |   128 ||   432
       Trident           |     9 |    55 |       |       |       |       ||    64
       Punch             |       |       |     4 |     1 |       |       ||     5
       Halberd           |       |       |    63 |   137 |       |       ||   200
       War axe           |       |       |       |    94 |       |       ||    94
       Battleaxe         |       |       |       |   158 |   677 |   512 ||  1347
       Demon trident     |       |       |       |    19 |     8 |    16 ||    43
       Morningstar       |       |       |       |       |    41 |       ||    41
 Fire: Sling             |       |       |     3 |       |       |       ||     3
       Shortbow          |       |       |    51 |    45 |       |       ||    96
       Arbalest          |       |       |       |    76 |   308 |       ||   384
       Hand crossbow     |       |       |       |       |    34 |   221 ||   255
Throw: Stone             |       |     2 |       |       |       |       ||     2
       Boomerang         |       |       |     2 |    16 |    17 |    48 ||    83
       Javelin           |       |       |       |       |       |     3 ||     3
Invok: Berserk           |       |     3 |     6 |    25 |    17 |    11 ||    62
       Trog's Hand       |       |     2 |     4 |    26 |    40 |    28 ||   100
Evoke: Wand              |       |     1 |     1 |     4 |    27 |    28 ||    61
       Condenser vane    |       |       |       |       |     2 |     2 ||     4
  Use: Scroll            |     1 |     6 |     7 |    13 |    18 |    15 ||    60
       Potion            |       |       |     1 |     4 |     2 |     5 ||    12
 Stab: Distracted        |       |       |     1 |     1 |       |       ||     2
       Petrified         |       |       |       |       |     6 |       ||     6
       Petrifying        |       |       |       |       |     3 |       ||     3
Armor: Animal skin       |    25 |       |       |       |       |       ||    25
       Plate armour      |    12 |    39 |   162 |   289 |   470 |   626 ||  1598
       Skin              |       |       |       |    33 |       |       ||    33
Dodge: Dodged            |    52 |    17 |    82 |   200 |   232 |   367 ||   950

Table legend: (Time is in decaauts)
 A = Elapsed time spent in this place.
 B = Non-inter-level travel time spent in this place.
 C = Inter-level travel time spent in this place.
 D = Time resting spent in this place.
 E = Time spent auto-exploring this place.
 F = Levels seen in this place.
 G = Mean time per level.
                   A        B        C        D        E       F      G
               +--------+--------+--------+--------+--------+-----+--------+
         Total |  48752 |  47060 |   1692 |  21796 |  18392 |  30 | 1625.1 |
       Dungeon |  18306 |  17388 |    918 |   4390 |  10267 |  15 | 1220.4 |
          Lair |  10575 |  10149 |    426 |   4948 |   3892 |   5 | 2115.0 |
        Shoals |   2349 |   2331 |     18 |   1119 |    786 |   3 |  783.0 |
   Spider Nest |   7741 |   7557 |    184 |   3973 |   2532 |   4 | 1935.2 |
  Orcish Mines |   8781 |   8636 |    145 |   6917 |    647 |   2 | 4390.5 |
      Ice Cave |    998 |    998 |      0 |    447 |    268 |   1 |  998.0 |
               +--------+--------+--------+--------+--------+-----+--------+

Top non-repeatable levels by time:
   Orc:2: 7392 daAuts
  Lair:5: 4761 daAuts
Spider:1: 2834 daAuts
     D:8: 2206 daAuts
Spider:4: 2107 daAuts
  Lair:4: 1886 daAuts
Spider:3: 1884 daAuts
    D:10: 1854 daAuts
  Lair:2: 1735 daAuts
Shoals:1: 1613 daAuts
    D:15: 1498 daAuts
   Orc:1: 1389 daAuts
     D:9: 1349 daAuts
     D:4: 1306 daAuts
     D:7: 1303 daAuts
